AoeStats
← eu bata6625

Migration

507786871Analyzed
1v1 RM · 13d ago on Sep 19, 2026· 55m 46s· 2 players
Game mode
Random Map
Map size
132×132
Population
200
Speed
Normal
Resources
Standard
Victory
Conquest
Starting age
Dark Age
Ending age
Imperial Age
RankedLock teamsTeams togetherTeam positionsShared explorationLock speedFull tech treeHidden civsTurbo modeCheats
Victory
Defeat
🇳🇴 Vikings · Norway
862
+15
🇦🇷 Italians · Argentina
847
-15
eu bata6625
1:00 Loom
10:36 Feudal Age
11:07 Double-Bit Axe
11:28 Horse Collar
13:18 Wheelbarrow
18:34 Castle Age
17:49 Stone Mining
18:48 Fletching
20:07 Gold Mining
20:48 Hand Cart
21:37 Bow Saw
22:16 Heavy Plow
23:46 Bodkin Arrow
24:18 Crossbowman
25:05 Thumb Ring
27:30 Ballistics
36:15 Padded Archer Armor
39:58 Imperial Age
37:55 Medium Warships
38:34 Clinker Construction
44:32 Shipwright
44:35 Carvel Hull
45:32 Chemistry
45:32 Heavy Warships
47:15 Conscription
48:12 Two-Man Saw
zubovic4
9:40 Loom
11:39 Feudal Age
12:25 Fishing Lines
18:47 Castle Age
17:32 Double-Bit Axe
17:28 Horse Collar
17:41 Gold Mining
20:09 Gillnets
22:48 Forging
22:39 Scale Mail Armor
26:29 Iron Casting
26:51 Chain Mail Armor
27:14 Chieftains
33:24 Imperial Age
31:34 Gambesons
31:37 Arson
35:02 Elite Berserk
36:32 Squires
38:48 Blast Furnace
38:28 Fervor
41:15 Conscription
43:13 Gold Shaft Mining
42:05 Elite Longship
45:31 Chemistry
45:00 Ballistics
44:31 Treadmill Crane
45:48 Town Watch
46:36 Town Patrol
48:25 Heated Shot
Connection lost

Rejoining the realm…

Still unreachable

The connection could not be restored.

Session expired

The server has moved on; the page needs a fresh start.